 Dungeon Crawl Stone Soup version 0.18.1-2-ga659475 (webtiles) character file.

671 Dynast the Magician (level 7, -14/46 HPs)
             Began as a Formicid Ice Elementalist on May 7, 2016.
             Was an Initiate of Vehumet.
             Shot with an arrow by a centaur (20 damage)
             ... on level 5 of the Dungeon.
             The game lasted 00:21:51 (1626 turns).

Dynast the Magician (Formicid Ice Elementalist)     Turns: 1626, Time: 00:21:51

Health: -14/46     AC:  4    Str: 12    XL:     7   Next: 89%
Magic:  1/16       EV: 12    Int: 17    God:    Vehumet [......]
Gold:   143        SH:  0    Dex: 11    Spells: 4 memorised, 9 levels left

rFire  . . .     SeeInvis +     a - +0 hunting sling
rCold  + . .     Gourm    .     m - +2 robe {rN+}
rNeg   + + .     Faith    .     (no shield)
rPois  .         Spirit   .     (helmet unavailable)
rElec  .         Dismiss  .     (no cloak)
rCorr  .         Reflect  .     (no gloves)
SustAt .         Harm     .     (no boots)
MR     .....                    (no amulet)
Stlth  ++........               j - ring of positive energy
                                v - ring of protection from cold

@: not resistant to hostile enchantments, unstealthy
A: permanent stasis, dig shafts and tunnels, four strong arms, antennae 3
a: Dig, Shaft Self, Renounce Religion


You were on level 5 of the Dungeon.
You worshipped Vehumet.
Vehumet was noncommittal.
You were very hungry.

You visited 1 branch of the dungeon, and saw 5 of its levels.

You collected 143 gold pieces.

Inventory:

Hand Weapons
 a - a +0 hunting sling (weapon)
 b - a +0 short sword of speed
Missiles
 n - 15 stones
 w - 26 sling bullets (quivered)
Armour
 m - a +2 robe of positive energy (worn)
Jewellery
 j - a ring of positive energy (right hand)
 v - a ring of protection from cold (left hand)
Wands
 x - a wand of iceblast (7/15)
Scrolls
 f - a scroll of amnesia {unknown}
 o - a scroll of teleportation {unknown}
 q - a scroll of remove curse
 r - a scroll of enchant armour {unknown}
 s - a scroll of recharging {unknown}
Potions
 d - 2 potions of cure mutation
 e - a potion of mutation {unknown}
 g - 2 potions of curing {unknown}
 h - a potion of brilliance
 i - a potion of flight {unknown}
 k - 2 potions of lignification
 p - a potion of might
 u - a potion of haste
Books
 l - a book of Frost

   Spells                             Type                      Level
   a - Freeze                         Ice                          1
   b - Throw Frost                    Conjuration/Ice              2
   c - Ozocubu's Armour               Charms/Ice                   3
   d - Throw Icicle                   Conjuration/Ice              4
   e - Summon Ice Beast               Ice/Summoning                4
Comestibles
 c - 3 bread rations


   Skills:
 - Level 1.7 Dodging
 - Level 2.4 Stealth
 + Level 6.6 Spellcasting
 + Level 2.9 Conjurations
 - Level 4.8 Ice Magic


You had 9 spell levels left.
You knew the following spells:

 Your Spells              Type           Power        Failure   Level  Hunger
a - Freeze                Ice            ###.         1%          1    None
b - Throw Frost           Conj/Ice       ###...       3%          2    None
c - Ozocubu's Armour      Chrm/Ice       ##......     14%         3    ##.....
d - Throw Icicle          Conj/Ice       ###.....     24%         4    ####...


Dungeon Overview and Level Annotations

Branches:
Dungeon (5/15)
 Temple: D:4-7

Altars:
Ashenzari
Fedhas
Makhleb
Okawaru
Pakellas
Qazlal
Ru
Sif Muna
Vehumet
Zin


Innate Abilities, Weirdness & Mutations

You are under a permanent stasis effect.
You can dig through walls and to a lower floor.
Your four strong arms can wield two-handed weapons with a shield.
You have a pair of large antennae on your head (SInv).


Message History

Casting: Freeze
Confirm with . or Enter, or press ? or * to list all spells.
Aiming: Throw Icicle
Press: ? - help, Shift-Dir - straight line, f - centaur
Aim: a centaur (hasn't noticed you)
The shard of ice hits the centaur.
The centaur is heavily wounded.
The centaur shouts!
You are feeling very hungry.
The centaur wields a shortbow.
The centaur shoots an arrow.
The arrow hits you.
* * * LOW HITPOINT WARNING * * *
Unknown command.
Casting: Throw Icicle
Confirm with . or Enter, or press ? or * to list all spells.
Aiming: Throw Icicle
Press: ? - help, Shift-Dir - straight line, f/p - centaur
Aim: a centaur, wielding a shortbow (heavily wounded)
The shard of ice misses the centaur.
The centaur shoots an arrow.
The arrow hits you!!
You die...

....###..........
.................
................
.................
............##.###
...............##.....
#....=....###......##.###
#...........#......#.$..#
#...........#.@....#....+
............#).....#....#
.........##.#...........#
#........#.#)#....c...).#
#..c....((####...<......#
+##..!................##
#....(........#.#...####
#.............#.#......###
#.............#...........


You could see a centaur.

Vanquished Creatures
  The ghost of Talea the Ruffian, an amateur VSMo (D:4)
  An ogre (D:4)
  A centaur (D:5)
  A gnoll sergeant (D:5)
  2 hounds
  An orc priest (D:3)
  Jessica (D:2)
  2 orc wizards
  A hound zombie (D:5)
  A hound skeleton (D:4)
  3 gnolls (D:5)
  6 adders
  An ooze (D:1)
  2 dart slugs
  A giant gecko (D:1)
  7 orcs
  3 giant cockroaches
  4 goblins
  4 hobgoblins
  6 jackals
  2 kobolds
  A ball python (D:4)
  7 bats
  A giant gecko skeleton (D:4)
  7 rats
67 creatures vanquished.

Notes
Turn   | Place    | Note
--------------------------------------------------------------
     0 | D:1      | Dynast the Formicid Ice Elementalist began the quest for the Orb.
     0 | D:1      | Reached XP level 1. HP: 13/13 MP: 3/3
   166 | D:1      | Reached XP level 2. HP: 17/19 MP: 5/5
   170 | D:1      | Learned a level 2 spell: Throw Frost
   341 | D:1      | Reached skill level 3 in Spellcasting
   358 | D:2      | Noticed Jessica
   361 | D:2      | Killed Jessica
   361 | D:2      | Reached XP level 3. HP: 18/24 MP: 0/8
   398 | D:2      | Learned a level 3 spell: Ozocubu's Armour
   417 | D:2      | Found a burning altar of Makhleb.
   417 | D:2      | Found a glowing silver altar of Zin.
   418 | D:2      | Noticed an angel
   418 | D:2      | Noticed a green death
   492 | D:2      | Reached XP level 4. HP: 30/30 MP: 5/9
   504 | D:2      | Found an iron altar of Okawaru.
   505 | D:2      | Reached skill level 4 in Spellcasting
   524 | D:2      | Found a stormy altar of Qazlal.
   551 | D:2      | Found a blossoming altar of Fedhas.
   622 | D:3      | Reached XP level 5. HP: 35/35 MP: 2/11
   983 | D:4      | Reached skill level 5 in Spellcasting
   983 | D:4      | Reached XP level 6. HP: 41/41 MP: 4/13
  1026 | D:3      | Found a shattered altar of Ashenzari.
  1028 | D:3      | Found an oddly glowing altar of Pakellas.
  1032 | D:3      | Found a radiant altar of Vehumet.
  1033 | D:3      | Found a deep blue altar of Sif Muna.
  1034 | D:3      | Found a sacrificial altar of Ru.
  1040 | D:3      | Became a worshipper of Vehumet
  1145 | D:4      | Noticed an ogre
  1150 | D:4      | Noticed Talea's ghost (amateur VSMo)
  1152 | D:4      | Killed an ogre
  1362 | D:4      | Learned a level 4 spell: Throw Icicle
  1412 | D:4      | Reached skill level 1 in Conjurations
  1428 | D:4      | Killed Talea's ghost
  1428 | D:4      | Reached skill level 6 in Spellcasting
  1428 | D:4      | Reached XP level 7. HP: 30/46 MP: 9/16
  1513 | D:5      | Entered Level 5 of the Dungeon
  1626 | D:5      | Shot with an arrow by a centaur

Skill      XL: |  1  2  3  4  5  6  7 |
---------------+----------------------+-----
Spellcasting   | 3 4 5 6 |  6.6
Ice Magic      | 4 |  4.8
Conjurations   | 1 2 |  2.9
Dodging        | |  1.7
Stealth        | |  2.4

Action                   |  1- 3 |  4- 6 |  7- 9 || total
-------------------------+-------+-------+-------++-------
Melee: Short sword       |       |    27 |    31 ||    58
 Fire: Hunting sling     |    14 |    44 |     6 ||    64
Throw: Stone             |    11 |       |     1 ||    12
 Cast: Freeze            |    15 |    54 |    13 ||    82
       Throw Frost       |       |    18 |     1 ||    19
       Ozocubu's Armour  |       |     1 |     2 ||     3
       Throw Icicle      |       |       |     2 ||     2
 Abil: Dig               |     1 |     5 |     2 ||     8
  Use: Scroll            |     3 |     2 |     1 ||     6
       Potion            |       |       |     2 ||     2
  Eat: Chunk             |       |     3 |       ||     3
Armor: Robe              |     1 |    32 |    10 ||    43
       Skin              |       |       |     9 ||     9
Dodge: Dodged            |     4 |    63 |    12 ||    79
